 Dungeon Crawl Stone Soup version 0.31-a0-1042-ga9834b3 (webtiles) character file.

Game seed: 4137548626662957812

131 malesh the Trooper (level 5, 0/28 HPs)
             Began as a Vine Stalker Fighter on Nov 19, 2023.
             Slain by Grinder (1 damage)
             ... on level 3 of the Dungeon.
             The game lasted 00:04:38 (2058 turns).

malesh the Trooper (Vine Stalker Fighter)           Turns: 2058, Time: 00:04:39

Health: 0/28       AC:  6    Str: 21    XL:     5   Next: 14%
Magic:  0/6        EV:  9    Int:  8    God:
Gold:   87         SH:  4    Dex: 13    Spells: 4/4 levels left

rFire   . . .        a - +0 flail
rCold   . . .        c - +0 buckler
rNeg    . . .        b - +0 scale mail
rPois   .            (no helmet)
rElec   .            (no cloak)
rCorr   .            (no gloves)
SInv    .            (no boots)
Will    .....        (no amulet) Stlth
                     (no ring)
HPRegen 1.04/turn    (no ring)
MPRegen 0.10/turn

%: guardian spirit
@: no status effects
A: fangs 2, regeneration 1, magic shield, antimagic bite, no potion heal 2
a: no special abilities


You were on level 3 of the Dungeon.
You visited 1 branch of the dungeon, and saw 3 of its levels.

You collected 87 gold pieces.

Inventory:

Hand Weapons
 a - a +0 flail (weapon)
Armour
 b - a +0 scale mail (worn)
 c - a +0 buckler (worn)
Wands
 k - a wand of polymorph (3)
Scrolls
 f - a scroll of noise
 h - 3 scrolls of teleportation
 i - a scroll of poison {unknown}
 j - a scroll of vulnerability
Potions
 d - 2 potions of might
 e - a potion of lignification
 g - a potion of attraction
 l - a potion of degeneration {unknown}


   Skills:
 + Level 3.5 Fighting
 + Level 2.8 Maces & Flails
 + Level 3.1 Armour
 + Level 0.5 Dodging
 + Level 0.1 Stealth
 + Level 3.1 Shields


You had 4 spell levels left.
You didn't know any spells.
Your spell library was empty.

Dungeon Overview and Level Annotations

Branches:
Dungeon (3/15)

Altars:

Annotations:
D:3 Grinder


Innate Abilities, Weirdness & Mutations

You have extremely sharp teeth.
Your natural rate of healing is unusually fast.
When hurt, damage is shared between your health and your magic reserves.
Your bite disrupts and absorbs the magic of your enemies.
Potions cannot restore your health.


Message History

There is an open door here.
There is an open door here.
You see here a +0 halberd.
Things that are here:
a +1 vampiric dagger; a jackal corpse A goblin comes into view.
It is wielding a +0 dagger.
Found a scroll labelled KIERGH ANGITECH.
The goblin shouts!
Grinder comes into view.
Grinder shouts!
You sock the goblin!
You kill the goblin!
Things that are here:
a +0 dagger; a goblin corpse Grinder hits you but does no damage.
You sock Grinder! Your bite misses Grinder.
Grinder is lightly wounded.
You block Grinder's attack.
You barely miss Grinder.
Grinder is lightly wounded.
Grinder barely misses you.
You sock Grinder! Your bite misses Grinder.
Grinder is heavily wounded.
Grinder gestures at you. Pain shoots through your body!
You block Grinder's attack.
You barely miss Grinder.
Grinder is heavily wounded.
Grinder hits you!
You writhe in agony.
You hit Grinder. Your bite misses Grinder.
Grinder is heavily wounded.
Grinder blinks!
Grinder hits you.
You writhe in agony.
* * * LOW HITPOINT WARNING * * *
You barely miss Grinder.
Grinder is heavily wounded.
Grinder hits you!
* * * LOW HITPOINT WARNING * * *
You writhe in agony.
You die...
Grinder says, "Now the real fun starts!"

. #............. #.
####..####.##)
.######....# ##.#.
#.....#.##.# #.#.
+.....# ##.# #.#.
###.....#.##.# #.#.
#?...§....##.# #.#.
#..#.#####.## .##.
.#..@).......######..
#...5##.#####........#
###...................
#...#.#.###.#.######
#####...$.#........#
#..####..########.#
#..†..####..#.....#
#..#........##.####
##..#........##.#


You could see Grinder.

Vanquished Creatures
  Jessica (D:3)
  Ijyb (D:3)
  A gnoll (D:3)
  2 adders
  An orc (D:3)
  3 endoplasms (D:3)
  3 giant cockroaches
  6 goblins
  4 hobgoblins
  7 jackals
  2 quokkas
  6 ball pythons
  5 bats
  2 frilled lizards (D:1)
  3 kobolds
  A rat (D:3)
48 creatures vanquished.

Notes
Turn   | Place    | Note
-------+----------+-------------------------------------------
     0 | D:1      | malesh the Vine Stalker Fighter began the quest for the
                  | Orb.
     0 | D:1      | Reached XP level 1. HP: 11/11 MP: 2/2
    60 | D:1      | Reached XP level 2. HP: 14/16 MP: 3/3
  1092 | D:2      | Reached XP level 3. HP: 20/20 MP: 4/4
  1682 | D:3      | Noticed Jessica
  1687 | D:3      | Killed Jessica
  1688 | D:3      | Reached XP level 4. HP: 22/24 MP: 5/5
  1810 | D:3      | Noticed Ijyb
  1821 | D:3      | Killed Ijyb
  1890 | D:3      | Reached XP level 5. HP: 16/28 MP: 2/6
  2047 | D:3      | Noticed Grinder
  2058 | D:3      | HP: 1/28 [Grinder (6)]
  2058 | D:3      | Slain by Grinder

Illustrated notes

Levels and vault maps discovered:
D:1:      minmay_arrival_radiant_lines, layout_basic, nicolae_eternal_life
D:2:      layout_basic
D:3:      minmay_chambers_of_twos, layout_basic, lightli_temple_of_fire,
          chei_slow_surprise, grunt_ministairs_15, uniq_jessica, uniq_grinder,
          uniq_ijyb

Skill      XL: |  1  2  3  4 |
---------------+-------------+-----
Maces & Flails | 2 |  2.8
Shields        | 3 |  3.1
Fighting       | 3 |  3.5
Armour         | 3 |  3.1
Dodging        | |  0.5
Stealth        | |  0.1

Action                     |  1- 3 |  4- 6 || total
---------------------------+-------+-------++-------
  Melee: Flail             |    70 |    61 ||   131
         Bite              |    13 |    13 ||    26
    Use: Scroll            |     5 |       ||     5
 Armour: Scale mail        |    57 |    40 ||    97
  Dodge: Dodged            |    35 |    23 ||    58
  Block: Buckler           |    15 |     7 ||    22

Table legend: (Time is in decaauts)
 A = Elapsed time spent in this place.
 B = Non-inter-level travel time spent in this place.
 C = Inter-level travel time spent in this place.
 D = Time resting spent in this place.
 E = Time spent auto-exploring this place.
 F = Levels seen in this place.
 G = Mean time per level.
                   A        B        C        D        E       F      G
               +--------+--------+--------+--------+--------+-----+--------+
         Total |   2098 |   2057 |     41 |      0 |   1732 |   3 |  699.3 |
       Dungeon |   2098 |   2057 |     41 |      0 |   1732 |   3 |  699.3 |
               +--------+--------+--------+--------+--------+-----+--------+

Top non-repeatable levels by time:
     D:2: 973 daAuts
     D:1: 715 daAuts
     D:3: 409 daAuts
